AoeStats
← Tchitchi d'Afflelou

Black Forest

509624518Analyzed
4v4 RM · 6d ago on Sep 27, 2026· 61m 50s· 8 players
Game mode
Random Map
Map size
Large (8 player)
Population
200
Speed
Normal
Resources
Standard
Victory
Conquest
Starting age
Dark Age
Ending age
Imperial Age
RankedLock teamsTeams togetherTeam positionsShared explorationLock speedFull tech treeHidden civsTurbo modeCheats
Victory
Defeat
🇺🇸 Hindustanis · United States
1422
+14
🇫🇷 Saracens · France
1412
+15
🇦🇺 Britons · Australia
1404
+15
🇦🇷 Bohemians · Argentina
1398
+15
🇨🇳 Franks · China
1398
-15
🇨🇳 Britons · China
1382
-15
🇪🇸 Italians · Spain
1378
-15
🇮🇳 Bulgarians · India
1363
-14
DK_MaCiro
6:52 Loom
11:02 Feudal Age
14:55 Castle Age
14:28 Fishing Lines
15:28 Double-Bit Axe
16:16 Gillnets
18:25 Bow Saw
27:31 Imperial Age
25:18 Gold Mining
25:12 Horse Collar
27:13 Fletching
27:24 Scale Mail Armor
27:34 Forging
27:30 Padded Archer Armor
28:02 Ballistics
28:26 Wheelbarrow
27:37 Town Watch
27:54 Bodkin Arrow
29:12 Silk Road
30:38 Chemistry
31:01 Two-Man Saw
30:11 Heavy Plow
30:03 Stone Mining
31:02 Conscription
31:18 Leather Archer Armor
31:09 Bracer
32:03 Treadmill Crane
32:36 Masonry
33:24 Scale Mail Armor
33:34 Forging
34:10 Squires
34:42 Chain Mail Armor
35:02 Iron Casting
35:20 Iron Casting
36:15 Guard Tower
36:56 Architecture
37:20 Plate Mail Armor
37:54 Blast Furnace
39:48 Keep
39:59 Crop Rotation
43:24 Elite Skirmisher
44:10 Thumb Ring
44:38 Ring Archer Armor
45:38 Elite Genoese Crossbowman
49:21 Pikeman
50:29 Caravan
57:57 Bombard Tower
57:28 Arrowslits
shinyorb
0:38 Loom
11:06 Feudal Age
11:28 Fishing Lines
11:50 Double-Bit Axe
19:03 Castle Age
19:50 Wheelbarrow
19:48 Gillnets
21:13 Bow Saw
24:14 Hand Cart
23:57 Gold Mining
25:51 Gold Shaft Mining
28:38 Imperial Age
26:47 Scale Barding Armor
27:55 Forging
29:06 Chain Barding Armor
28:43 Cavalier
30:26 Plate Barding Armor
31:25 Conscription
31:52 Iron Casting
31:25 Paladin
33:43 Blast Furnace
34:06 Husbandry
34:01 Fletching
35:17 Squires
35:03 Arson
34:39 Pikeman
36:01 Halberdier
38:26 Scale Mail Armor
38:21 Bodkin Arrow
40:58 Hoardings
47:07 Town Watch
50:17 Hoardings
50:51 Chain Mail Armor
51:53 Plate Mail Armor
Vu_PY
12:48 Feudal Age
16:31 Castle Age
14:27 Double-Bit Axe
17:52 Horse Collar
18:16 Fishing Lines
20:23 Wheelbarrow
20:00 Bow Saw
21:00 Loom
21:02 Town Watch
21:20 Heavy Plow
22:29 Forging
21:58 Light Cavalry
24:41 Husbandry
26:44 Gillnets
28:04 Gold Mining
29:30 Gold Shaft Mining
30:27 Stone Mining
35:09 Imperial Age
33:08 Scale Barding Armor
33:39 Iron Casting
33:42 Stone Shaft Mining
34:20 Chain Barding Armor
34:12 Bloodlines
35:11 Fletching
37:00 Plate Barding Armor
35:50 Cavalier
37:34 Blast Furnace
37:36 Chemistry
36:58 Ballistics
37:55 Conscription
37:32 Bodkin Arrow
37:40 Elite Konnik
38:25 Scale Mail Armor
38:11 Hussar
39:51 Chain Mail Armor
41:15 Plate Mail Armor
40:56 Masonry
40:43 Murder Holes
41:18 Bracer
41:55 Coinage
43:16 Crop Rotation
44:23 Banking
46:20 Architecture
46:29 Caravan
49:04 Pikeman
49:49 Squires
49:37 Gambesons
49:38 Arson
50:49 Pikeman
52:17 Stirrups
52:26 Bagains
52:48 Halberdier
王德发
1:39 Loom
12:50 Feudal Age
14:38 Fishing Lines
17:18 Castle Age
15:43 Stone Mining
15:46 Fletching
17:52 Double-Bit Axe
19:26 Bodkin Arrow
26:09 Ballistics
27:24 Gillnets
32:14 Imperial Age
30:45 Padded Archer Armor
30:58 Masonry
31:34 Leather Archer Armor
31:41 Yeomen
33:02 Bracer
34:03 Chemistry
33:50 Wheelbarrow
33:00 Town Watch
34:26 Ring Archer Armor
35:40 Bow Saw
37:10 Yeomen
38:01 Conscription
37:02 Crossbowman
38:08 Arbalester
40:34 Two-Man Saw
39:28 Gold Mining
42:44 Elite Skirmisher
52:00 Scale Mail Armor
52:11 Forging
52:27 Hand Cart
52:54 Caravan
57:06 Chain Mail Armor
57:26 Iron Casting
57:43 Hand Cart
58:31 Guard Tower
59:19 Hoardings
60:31 Keep
59:42 Arrowslits
Chiripa605
5:06 Loom
11:38 Feudal Age
15:54 Castle Age
14:41 Double-Bit Axe
16:46 Bow Saw
19:29 Fishing Lines
21:36 Stone Mining
22:49 Gillnets
23:09 Gold Mining
24:24 Wheelbarrow
24:02 Horse Collar
25:24 Heavy Plow
29:17 Imperial Age
27:24 Scale Barding Armor
28:26 Hand Cart
28:53 Chain Barding Armor
30:58 Chemistry
30:37 Plate Barding Armor
29:26 Heavy Camel Rider
30:18 Bloodlines
30:08 Husbandry
30:36 Conscription
31:39 Two-Man Saw
31:37 Imperial Camel Rider
33:05 Forging
34:38 Gold Shaft Mining
35:13 Iron Casting
35:08 Grand Trunk Road
36:55 Blast Furnace
35:59 Caravan
36:17 Padded Archer Armor
36:57 Siege Elephant
38:21 Siege Engineers
38:27 Masonry
38:37 Ballistics
38:30 Shatagni
39:32 Leather Archer Armor
38:49 Light Cavalry
42:24 Ring Archer Armor
41:33 Hussar
50:57 Coinage
51:16 Scale Mail Armor
51:20 Squires
51:05 Arson
54:09 Chain Mail Armor
53:19 Elite Ghulam
Tchitchi d'Afflelou
11:51 Feudal Age
12:58 Loom
15:42 Castle Age
14:35 Double-Bit Axe
15:59 Pikeman
19:05 Sanctity
19:09 Redemption
22:30 Atonement
28:07 Stone Mining
29:21 Coinage
30:53 Gold Mining
48:22 Wheelbarrow
50:32 Fortified Wall
55:39 Imperial Age
53:26 Hand Cart
53:33 Caravan
55:30 Masonry
60:58 Heavy Camel Rider
61:38 Husbandry
61:49 Bloodlines
61:27 Light Cavalry
62:23 Forging
62:13 Scale Mail Armor
62:19 Scale Barding Armor
Blas de lezo
6:28 Loom
11:52 Feudal Age
12:39 Double-Bit Axe
14:24 Wheelbarrow
14:31 Fishing Lines
21:15 Castle Age
22:19 Bow Saw
22:04 Gillnets
25:55 Imperial Age
26:15 Hand Cart
27:13 Chemistry
27:22 Conscription
26:27 Elite Hussite Wagon
27:46 Fletching
28:11 Masonry
28:08 Siege Engineers
29:34 Architecture
31:47 Wagenburg Tactics
31:28 Houfnice
48:04 Bodkin Arrow
51:10 Pikeman
52:26 Squires
53:45 Scale Mail Armor
53:08 Halberdier
58:47 Caravan
59:38 Chain Mail Armor
Vinkz
0:30 Loom
11:58 Feudal Age
12:33 Feudal Age
16:27 Castle Age
15:43 Double-Bit Axe
16:55 Town Watch
17:44 Bow Saw
18:48 Horse Collar
25:05 Wheelbarrow
25:57 Gold Mining
27:21 Hand Cart
30:06 Imperial Age
27:41 Fletching
27:44 Stone Mining
28:40 Heavy Plow
29:24 Gold Shaft Mining
28:50 Bodkin Arrow
28:55 Padded Archer Armor
29:26 Ballistics
29:54 Masonry
30:33 Leather Archer Armor
31:18 Bracer
32:20 Chemistry
31:52 Architecture
32:07 Ring Archer Armor
32:11 Conscription
32:27 Hoardings
32:32 Elite Longbowman
34:18 Yeomen
34:56 Caravan
37:49 Warwolf
39:33 Siege Engineers
39:24 Murder Holes
39:12 Treadmill Crane
40:42 Two-Man Saw
39:59 Fortified Wall
40:35 Scale Mail Armor
40:45 Forging
42:04 Chain Mail Armor
42:57 Pikeman
43:38 Squires
43:27 Halberdier
44:39 Plate Mail Armor
44:44 Iron Casting
48:20 Blast Furnace
47:17 Guard Tower
59:38 Keep
Connection lost

Rejoining the realm…

Still unreachable

The connection could not be restored.

Session expired

The server has moved on; the page needs a fresh start.